 Dungeon Crawl Stone Soup version 0.30.0-15-g856e2d3f33 (webtiles) character file.

Game seed: 7180585001848351104

149 Sobieck the Digger (level 5, -1/28 HPs)
             Began as a Gargoyle Earth Elementalist on May 18, 2023.
             Slain by a gnoll
             ... wielding a +1 flail of protection
              (3 damage)
             ... on level 3 of the Dungeon.
             The game lasted 00:02:56 (2692 turns).

Sobieck the Digger (Gargoyle Earth Elementalist)    Turns: 2692, Time: 00:02:57

Health: -1/28      AC:  6    Str: 12    XL:     5   Next: 31%
Magic:  7/8        EV: 12    Int: 17    God:
Gold:   232        SH:  0    Dex: 16    Spells: 7/8 levels left

rFire   + . .        w - staff of fire {!astaff}
rCold   . . .        (no shield)
rNeg    + . .        a - +0 robe
rPois   ∞            (no helmet)
rElec   +            c - scarf {repulsion}
rCorr   .            (no gloves)
SInv    .            (no boots)
Will    .....        (no amulet)
Stlth   ++           i - +6 ring of dexterity
HPRegen 0.24/turn    (no ring)
MPRegen 0.11/turn

%: repel missiles
@: no status effects
A: sickness immunity, AC +4, negative energy resistance 1, electricity
resistance, torment resistance 1, petrification resistance
a: no special abilities


You were on level 3 of the Dungeon.
You visited 1 branch of the dungeon, and saw 4 of its levels.

You collected 232 gold pieces.


Innate Abilities, Weirdness & Mutations

You are immune to sickness and miasma.
Your stone body is resilient. (AC +4)
You are immune to poison.
You resist negative energy. (rN+)
You are resistant to electric shocks. (rElec)
You are resistant to unholy torment.
You are immune to petrification.


   Skills:
 - Level 1.5 Dodging
 - Level 2.1 Stealth
 - Level 2.0 Spellcasting
 - Level 0.7 Transmutations
 + Level 7.0 Earth Magic


You had 7 spell levels left.
You knew the following spells:

 Your Spells              Type           Power      Damage    Failure   Level
a - Sandblast             Erth           50%        2d12      1%          1

Your spell library contained the following spells:

 Spells                   Type           Power      Damage    Failure   Level
 Passwall                 Tmut/Erth      11%        N/A       6%          2
 Stone Arrow              Conj/Erth      26%        3d8       14%         3
 Petrify                  Tmut/Erth      14%        N/A       36%         4
 Metabolic Englaciation   Hex/Ice        0%         N/A       99%         5
 Statue Form              Tmut/Erth      Unusable   N/A       N/A         6

Inventory:

Hand Weapons
 d - a +0 club {mace}
   (You took it off a gnoll on level 1 of the Dungeon)
 g - a +0 club {mace}
   (You took it off a goblin on level 1 of the Dungeon)
 n - a +0 hand axe {axe}
   (You found it on level 2 of the Dungeon)
 o - a +0 dagger {short}
   (You took it off a kobold on level 2 of the Dungeon)
Missiles
 m - 29 stones {throwing}
 u - 5 atropa-tipped darts {throwing}
 y - 6 poisoned darts {throwing}
Armour
 a - a +0 robe (worn)
 c - a scarf of repulsion (worn)
   (You found it on level 1 of the Dungeon)
 h - a +0 leather armour
   (You found it on level 1 of the Dungeon)
 A - a +0 ring mail
   (You found it on level 3 of the Dungeon)
 B - a +0 scale mail
   (You found it on level 3 of the Dungeon)
 E - a +0 robe
   (You found it on level 3 of the Dungeon)
 F - a +0 leather armour
   (You found it on level 3 of the Dungeon)
 G - a +0 robe
   (You found it on level 4 of the Dungeon)
Magical Staves
 w - a staff of fire (weapon) {!astaff}
   (You found it on level 2 of the Dungeon)
Jewellery
 i - a +6 ring of dexterity (left hand)
   (You found it on level 1 of the Dungeon)
Scrolls
 e - a scroll of fog {unknown}
 j - 2 scrolls of blinking {unknown}
 l - a scroll of enchant armour {unknown}
 p - a scroll of poison {unknown}
 q - 6 scrolls of identify {unknown}
 s - a scroll of fear {unknown}
 t - 2 scrolls of magic mapping {unknown}
 C - a scroll of summoning {unknown}
 D - a scroll of enchant weapon {unknown}
Potions
 f - a potion of flight {unknown}
 k - 2 potions of brilliance {unknown}
 r - 3 potions of curing {unknown}
 v - 2 potions of ambrosia {unknown}
 x - a potion of degeneration {unknown}
 z - a potion of haste {unknown}

Dungeon Overview and Level Annotations

Branches:
Dungeon (4/15) Zot: 21274
 Temple: D:4-7

Altars:
Kikubaaqudgha

Annotations:
D:3 3 runed translucent doors, wingedge's ghost, amateur HuWn

# ### ..########
.........# ..######)# .##
#.########################
.#
#.##....g@...............#
.##
#.##.##########..........#
#.# #.##.# #.########.#
.## #.##.# #.# #.# .#
#....# #.# #####.# .#
#################.##
#.....#
.#####..................#
#.###.#
....##.###############..#
#.# #.# .......# #.)# #.#
#.#


You could see a gnoll.


Message History

The blast of sand hits the endoplasm!
You kill the endoplasm!
You can't see any susceptible monsters within range! (Use Z to cast anyway.)
A jelly comes into view.
The jelly quivers.
Danger!
Found a stone staircase leading down.
The blast of sand hits the jelly!
The blast of sand hits the jelly!
You kill the jelly!
You have reached level 5!
G - a +0 robe A gnoll comes into view. It is wielding a +0 whip.
The gnoll shouts!
The gnoll moves out of view.
Unknown command.
A gnoll comes into view. It is wielding a +0 club.
A gnoll comes into view. It is wielding a +0 spear.
Danger!
You can't see any susceptible monsters within range! (Use Z to cast anyway.) Unknown command.
Danger!
Unknown command.
The blast of sand hits the gnoll.
Unknown command.
The blast of sand hits the gnoll.
The blast of sand hits the gnoll.
The gnoll hits you but does no damage.
The blast of sand hits the gnoll.
You kill the gnoll!
A gnoll comes into view.
It is wielding a +1 flail of protection.
The gnoll hits you but does no damage.
The blast of sand hits the gnoll!
The gnoll shouts!
You hear a shout!
The gnoll hits you but does no damage.
Unknown command.
The blast of sand hits the gnoll!
You kill the gnoll!
Your Earth Magic skill increases to level 7!
The blast of sand misses the gnoll.
The blast of sand hits the gnoll but does no damage.
The gnoll hits you with a +1 flail of protection!
You are too injured to fight recklessly!
Unknown command.
Casting: Sandblast (safe; 1% risk of failure)
Confirm with . or Enter, or press ? or * to list all spells.
Aiming: Sandblast (safe; 1% risk of failure)
Press: ? - help, Shift-Dir - straight line, f/p - gnoll
Aim: a gnoll, wielding a +1 flail of protection (85% to hit)
The blast of sand hits the gnoll but does no damage.
The gnoll closely misses you.
The gnoll hits you from afar with a +0 spear.
The gnoll attacks as you move away!
The gnoll hits you with a +1 flail of protection!
* * * LOW HITPOINT WARNING * * *
The gnoll attacks as you move away! The gnoll closely misses you.
The gnoll attacks as you move away! The gnoll completely misses you.
The gnoll attacks as you move away! The gnoll barely misses you.
The gnoll attacks as you move away! The gnoll barely misses you.
The gnoll attacks as you move away! The gnoll barely misses you.
Casting: Sandblast (safe; 1% risk of failure)
Confirm with . or Enter, or press ? or * to list all spells.
Aiming: Sandblast (safe; 1% risk of failure)
Press: ? - help, Shift-Dir - straight line, f/p - gnoll
Aim: a gnoll, wielding a +1 flail of protection (85% to hit)
The blast of sand hits the gnoll but does no damage.
The gnoll barely misses you. The gnoll completely misses you.
The gnoll barely misses you.
Casting: Sandblast (safe; 1% risk of failure)
Confirm with . or Enter, or press ? or * to list all spells.
Aiming: Sandblast (safe; 1% risk of failure)
Press: ? - help, Shift-Dir - straight line, f/p - gnoll
Aim: a gnoll, wielding a +1 flail of protection (85% to hit)
The blast of sand misses the gnoll.
The gnoll hits you with a +1 flail of protection.
* * * LOW HITPOINT WARNING * * *
The gnoll hits you from afar with a +0 spear.
* * * LOW HITPOINT WARNING * * *
Unknown command.
The gnoll attacks as you move away!
The gnoll hits you with a +1 flail of protection.
* * * LOW HITPOINT WARNING * * *
The gnoll attacks as you move away!
The gnoll hits you with a +1 flail of protection!
* * * LOW HITPOINT WARNING * * *
There is an escape hatch in the ceiling here.
A mysterious force pulls you upwards. The hatch slams shut behind you.
Level annotation: 3 runed translucent doors, wingedge's ghost, amateur HuWn Unknown command.
Unknown command.
Unknown command.
Magic courses through your body. The gnoll hits you but does no damage.
Unknown command.
Casting: Sandblast (safe; 1% risk of failure)
Confirm with . or Enter, or press ? or * to list all spells.
Aiming: Sandblast (safe; 1% risk of failure)
Press: ? - help, Shift-Dir - straight line, f - gnoll
Aim: a gnoll, wielding a +1 flail of protection (85% to hit)
The blast of sand hits the gnoll!
The gnoll hits you with a +1 flail of protection.
You die...

Skill      XL: |  1  2  3  4  5 |
---------------+----------------+-----
Earth Magic    | 4 5 6 7 |  7.0
Dodging        | |  1.5
Stealth        | |  2.1
Spellcasting   | |  2.0
Transmutations | |  0.7

Action                     |  1- 3 |  4- 6 || total
---------------------------+-------+-------++-------
  Melee: Dagger            |     6 |       ||     6
   Cast: Sandblast         |    37 |    34 ||    71
    Use: Potion            |       |     1 ||     1
 Armour: Robe              |     3 |     4 ||     7
  Dodge: Dodged            |    13 |     9 ||    22

Levels and vault maps discovered:
D:1:      lemuel_arrival_behind_the_door_small, layout_basic
D:2:      layout_basic, basic_altar, roderic_serpentine_path, minmay_hexomino_p4
D:3:      layout_loops_ring, gammafunk_ghost_necromancy
D:4:      layout_basic, evilmike_ruin_ashenzari, serial_rivers,
          chequers_serial_rivers_micro_a, chequers_serial_rivers_room_a,
          chequers_serial_rivers_micro_c, chequers_serial_rivers_micro_d,
          minivault_26

Notes
Turn   | Place    | Note
-------+----------+-------------------------------------------
     0 | D:1      | Sobieck the Gargoyle Earth Elementalist began the quest for
                  | the Orb.
     0 | D:1      | Reached XP level 1. HP: 10/10 MP: 3/3
   106 | D:1      | You pick up a book of Sloth and begin reading...
   119 | D:1      | Reached skill level 4 in Earth Magic
   119 | D:1      | Reached XP level 2. HP: 15/15 MP: 0/5
   955 | D:2      | Reached skill level 5 in Earth Magic
   955 | D:2      | Reached XP level 3. HP: 17/19 MP: 3/6
  1073 | D:2      | Found an ancient bone altar of Kikubaaqudgha.
  1450 | D:2      | Reached XP level 4. HP: 24/24 MP: 4/7
  1882 | D:3      | Found a runed translucent gate.
  1882 | D:3      | Found a runed translucent gate.
  1882 | D:3      | Found a runed translucent gate.
  1887 | D:3      | Noticed wingedge's ghost (amateur HuWn)
  2411 | D:4      | Reached skill level 6 in Earth Magic
  2586 | D:4      | Reached XP level 5. HP: 28/28 MP: 5/8
  2656 | D:4      | Reached skill level 7 in Earth Magic
  2688 | D:4      | HP: 1/28 [gnoll/+1 flail of protection (9)]
  2692 | D:3      | Slain by a gnoll

Vanquished Creatures
  2 jellies (D:4)
  3 gnolls
  2 adders (D:2)
  2 dart slugs (D:2)
  3 endoplasms (D:4)
  2 giant cockroaches
  2 goblins
  4 hobgoblins
  4 jackals (D:2)
  A quokka (D:2)
  5 ball pythons
  4 bats
  A frilled lizard (D:3)
  3 kobolds
  5 rats
43 creatures vanquished.

Table legend:
 A = Non-vault XP
 B = Vault XP
 C = Vault XP percentage of total XP
 D = Non-vault monster count
 E = Vault monster count
 F = Vault count percentage of total count
                 A         B        C        D         E       F
            +---------+---------+-------+---------+---------+-------
      Total |     196 |      18 |   8.4 |      39 |       4 |   9.3
            +---------+---------+-------+---------+---------+-------
        D:1 |      22 |       0 |   0.0 |       7 |       0 |   0.0
        D:2 |      44 |      18 |  29.0 |      17 |       4 |  19.0
        D:3 |       7 |       0 |   0.0 |       6 |       0 |   0.0
        D:4 |     123 |       0 |   0.0 |       9 |       0 |   0.0
            +---------+---------+-------+---------+---------+-------

Skill      XL: |  1  2  3  4  5 |
---------------+----------------+-----
Earth Magic    | 4 5 6 7 |  7.0
Dodging        | |  1.5
Stealth        | |  2.1
Spellcasting   | |  2.0
Transmutations | |  0.7

Action                     |  1- 3 |  4- 6 || total
---------------------------+-------+-------++-------
  Melee: Dagger            |     6 |       ||     6
   Cast: Sandblast         |    37 |    34 ||    71
    Use: Potion            |       |     1 ||     1
 Armour: Robe              |     3 |     4 ||     7
  Dodge: Dodged            |    13 |     9 ||    22

Illustrated notes

Table legend:
 A = Kills in this place as a percentage of kills in the entire game.
 B = Kills by you in this place as a percentage of kills by you in the entire game.
 C = Kills by friends in this place as a percentage of kills by friends in the entire game.
 D = Other kills in this place as a percentage of other kills in the entire game.
 E = Experience gained in this place as a percentage of experience gained in the entire game.
 F = Experience gained in this place divided by the number of levels of this place that you have seen.
                   A       B       C       D       E      F
               +-------+-------+-------+-------+-------+----------------------
         Total | 100.0 | 100.0 |   N/A |   N/A | 100.0 |  53.5
       Dungeon | 100.0 | 100.0 |   N/A |   N/A | 100.0 |  53.5
               +-------+-------+-------+-------+-------+----------------------

Table legend: (Time is in decaauts)
 A = Elapsed time spent in this place.
 B = Non-inter-level travel time spent in this place.
 C = Inter-level travel time spent in this place.
 D = Time resting spent in this place.
 E = Time spent auto-exploring this place.
 F = Levels seen in this place.
 G = Mean time per level.
                   A        B        C        D        E       F      G
               +--------+--------+--------+--------+--------+-----+--------+
         Total |   2724 |   2686 |     38 |      0 |   2395 |   4 |  681.0 |
       Dungeon |   2724 |   2686 |     38 |      0 |   2395 |   4 |  681.0 |
               +--------+--------+--------+--------+--------+-----+--------+

Top non-repeatable levels by time:
     D:2: 1038 daAuts
     D:1: 699 daAuts
     D:3: 644 daAuts
     D:4: 342 daAuts
